 Dungeon Crawl Stone Soup version 0.29.1-12-g30fa7ad0bf (webtiles) character file.

Game seed: 10631419421119346065

2381 ChadusMaximus the Fighter (level 9, -4/82 HPs)
             Began as a Minotaur Fighter on Dec 12, 2022.
             Slain by Joseph
             ... wielding a +2 quarterstaff of speed
              (9 damage)
             ... on level 7 of the Dungeon.
             The game lasted 00:05:00 (5357 turns).

ChadusMaximus the Fighter (Minotaur Fighter)        Turns: 5357, Time: 00:05:00

Health: -4/82      AC: 11    Str: 24    XL:     9   Next: 22%
Magic:  8/8        EV: 13    Int:  9    God:
Gold:   277        SH:  6    Dex: 11    Spells: 8/8 levels left

rFire   . . .      SeeInvis .   a - +0 war axe
rCold   . . .      Faith    .   c - +0 buckler
rNeg    . . .      Spirit   .   b - +0 scale mail
rPois   .          Reflect  .   (helmet restricted)
rElec   .          Harm     .   (no cloak)
rCorr   .          Rampage  .   j - +0 pair of gloves
Will    .....                   v - +0 pair of boots
Stlth   ..........              y - amulet "Kocwa" {Regen+ Int+4}
HPRegen 1.03/turn               s - +4 ring of evasion
MPRegen 0.11/turn               (no ring)

@: no status effects
A: horns 2, retaliatory headbutt
a: no special abilities


You were on level 7 of the Dungeon.
You visited 1 branch of the dungeon, and saw 7 of its levels.
You also visited: Ossuary.

You collected 277 gold pieces.

Inventory:

Hand Weapons
 a - a +0 war axe (weapon)
 I - a +0 spear
 J - a +0 spear
Missiles
 H - 3 boomerangs (quivered)
Armour
 b - a +0 scale mail (worn)
 c - a +0 buckler (worn)
 j - a +0 pair of gloves (worn)
 v - a +0 pair of boots (worn)
Jewellery
 e - a ring of fire
 k - a ring of resist corrosion
 s - a +4 ring of evasion (left hand)
 y - the amulet "Kocwa" (around neck) {Regen+ Int+4}
   (You found it on level 4 of the Dungeon)

   [amulet of regeneration]

   Int:       It affects your intelligence (+4).
   Regen:     It increases your rate of health regeneration.
Wands
 K - a wand of charming (2)
Scrolls
 g - 2 scrolls of torment {unknown}
 h - 4 scrolls of identify {unknown}
 l - 3 scrolls of immolation
 n - a scroll of poison {unknown}
 o - 2 scrolls of brand weapon {unknown}
 q - 7 scrolls of teleportation {unknown}
 r - 6 scrolls of noise
 t - a scroll of butterflies {unknown}
 w - a scroll of summoning {unknown}
 x - a scroll of blinking {unknown}
 z - a scroll of vulnerability {unknown}
 A - a scroll of enchant armour {unknown}
 E - a scroll of magic mapping {unknown}
 F - a scroll of silence {unknown}
Potions
 d - a potion of might
 f - 4 potions of curing {unknown}
 i - 2 potions of cancellation {unknown}
 m - 3 potions of lignification {unknown}
 p - a potion of flight {unknown}
 u - a potion of resistance {unknown}
 B - 2 potions of heal wounds {unknown}
 C - 2 potions of attraction {unknown}
 D - 2 potions of magic {unknown}
 G - a potion of haste


   Skills:
 + Level 8.3 Fighting
 + Level 7.7 Axes
 + Level 8.3 Armour
 + Level 8.3 Shields


You had 8 spell levels left.
You didn't know any spells.
Your spell library contained the following spells:

 Spells                   Type           Power      Damage    Failure   Level
 Beastly Appendage        Tmut           0%         N/A       73%         1
 Freeze                   Ice            0%         1d3       73%         1
 Sting                    Tmut/Pois      0%         1d3       73%         1
 Wereblood                Tmut           0%         N/A       86%         2
 Ozocubu's Armour         Ice            0%         N/A       97%         3
 Spider Form              Tmut/Pois      0%         N/A       97%         3
 Alistair's Intoxication  Tmut/Pois      0%         N/A       100%        5
 Ozocubu's Refrigeration  Ice            0%         4d7       100%        7


Dungeon Overview and Level Annotations

Branches:
Dungeon (7/15)            Ossuary (visited)
 Temple: D:4-7

Altars:
Makhleb

Annotations:
D:7 Joseph


Innate Abilities, Weirdness & Mutations

You have a pair of horns on your head.
You reflexively headbutt those who attack you in melee.


Message History

You closely miss Joseph. You hit the jelly.
Your hands burn!
You block Joseph's attack. The jelly hits you but does no damage.
Joseph hits you with a +2 quarterstaff of speed.
You slash Joseph!
Joseph is lightly wounded.
You hit the jelly.
Your hands burn!
Joseph hits you with a +2 quarterstaff of speed!
The jelly hits you but does no damage.
You barely miss Joseph. Your headbutt misses Joseph.
Joseph is lightly wounded.
You slash the jelly!
Your hands burn!
You slash the jelly!
Your hands burn!
You block Joseph's attack. The jelly hits you but does no damage.
The jelly barely misses you. Joseph hits you but does no damage.
You barely miss Joseph. You headbutt Joseph.
Joseph is moderately wounded.
You hit the jelly but do no damage.
Your hands burn!
You hit the jelly.
Your hands burn!
* * * LOW HITPOINT WARNING * * *
Joseph hits you with a +2 quarterstaff of speed!
* * * LOW HITPOINT WARNING * * *
The jelly barely misses you. You furiously retaliate!
You headbutt the jelly!
You kill the jelly!
The jelly closely misses you. You furiously retaliate!
You headbutt the jelly! You slash Joseph! Your headbutt misses Joseph.
Joseph is heavily wounded.
You slash the jelly!
Your hands burn!
* * * LOW HITPOINT WARNING * * *
You slash the jelly!
Your hands burn!
* * * LOW HITPOINT WARNING * * *
Joseph barely misses you. You furiously retaliate!
You headbutt Joseph! The jelly completely misses you.
The jelly barely misses you. You furiously retaliate!
You headbutt the jelly!
You kill the jelly!
Joseph hits you but does no damage.
You slash the jelly!
Your hands burn!
* * * LOW HITPOINT WARNING * * *
The jelly is almost dead.
You hit Joseph.
Joseph hits you with a +2 quarterstaff of speed!
You die...

......#.# ##< .#
..#.#...# ###...(###
..#.#...#..(.......#
..........##...|.#.#
.##.#...####.#.#...#
.##.##.............###
.......#####.#.......####
###.#### #.............
#.##########..@@...#.
#....>.......#.J..##
#################.# ..
... #.# .


You could see Joseph and a jelly.

Vanquished Creatures
  A wyvern (D:7)
  Duvessa (D:7)
  2 ogres (D:5)
  3 black bears
  An ice beast (D:6)
  A phantom (D:5)
  2 kobold brigands (D:6)
  A bullfrog (D:6)
  A gnoll sergeant (D:6)
  A scorpion (D:4)
  Dowan (D:7)
  6 killer bees
  2 human zombies (Ossuary)
  An orc priest (D:4)
  3 hounds
  6 jellies
  Jessica (D:3)
  3 iguanas
  An orc wizard (D:4)
  Natasha (twice) (D:3)
  5 mummies (Ossuary)
  Robin (D:4)
  8 gnolls
  5 adders
  2 worms
  2 dart slugs
  13 orcs
  7 endoplasms
  3 giant cockroaches
  15 goblins
  12 hobgoblins
  8 jackals
  3 quokkas
  6 ball pythons
  3 bats
  2 frilled lizards
  A gnoll zombie (Ossuary)
  2 hobgoblin zombies (Ossuary)
  21 kobolds
  3 kobold zombies (Ossuary)
  6 rats
168 creatures vanquished.

Notes
Turn   | Place    | Note
-------+----------+-------------------------------------------
     0 | D:1      | ChadusMaximus the Minotaur Fighter began the quest for the
                  | Orb.
     0 | D:1      | Reached XP level 1. HP: 19/19 MP: 0/0
   444 | D:1      | Reached XP level 2. HP: 27/27 MP: 1/1
   963 | D:2      | Reached XP level 3. HP: 32/33 MP: 2/2
  1300 | D:2      | Found a faded altar of an unknown god.
  1350 | D:2      | Found a burning altar of Makhleb.
  1491 | D:3      | Noticed Jessica
  1497 | D:3      | Killed Jessica
  1498 | D:3      | Reached XP level 4. HP: 36/41 MP: 3/3
  1725 | D:3      | Reached XP level 5. HP: 47/47 MP: 4/4
  1788 | D:3      | Noticed Natasha
  1793 | D:3      | Killed Natasha
  2551 | D:3      | Noticed Natasha
  2558 | D:3      | Killed Natasha
  2559 | D:3      | Reached skill level 5 in Fighting
  2559 | D:3      | Reached skill level 5 in Armour
  2579 | D:4      | Reached skill level 5 in Shields
  2584 | D:4      | Noticed Robin
  2589 | D:4      | Killed Robin
  2590 | D:4      | Reached XP level 6. HP: 43/56 MP: 5/5
  3187 | D:4      | Identified the amulet "Kocwa" {Regen+ Int+4}
  3742 | D:4      | Reached XP level 7. HP: 62/62 MP: 6/6
  3772 | D:5      | Entered Level 5 of the Dungeon
  3778 | D:5      | Reached skill level 5 in Axes
  3809 | D:5      | Found a sand-covered staircase.
  3817 | Ossuary  | Entered an ossuary
  4154 | D:5      | Got Sif Muna's Anthology of Rank Ice
  4484 | D:6      | Reached XP level 8. HP: 71/71 MP: 7/7
  5145 | D:7      | Reached XP level 9. HP: 61/81 MP: 8/8
  5230 | D:7      | Noticed Duvessa
  5231 | D:7      | Noticed Dowan
  5236 | D:7      | Killed Dowan
  5243 | D:7      | Killed Duvessa
  5336 | D:7      | Noticed Joseph
  5357 | D:7      | HP: 4/82 [acid (3)]
  5357 | D:7      | Slain by Joseph

Illustrated notes

Levels and vault maps discovered:
D:1:      dpeg_arrival_leaves_temple_mockup, layout_basic
D:2:      layout_rooms, shapermc_ecumenical_altar_mp_highgroup, basic_altar
D:3:      layout_basic, serial_aquarium, aquarium_bridge_long_separate
          [aquarium_subvault_window, aquarium_subvault_bridge,
          aquarium_subvault_bridge, aquarium_subvault_window,
          aquarium_subvault_wall, aquarium_subvault_bridge], aquarium_window_1,
          aquarium_window_fake, aquarium_view_2b, aquarium_balcony_1a,
          aquarium_pool_2, minmay_surrounded, uniq_jessica, uniq_natasha
D:4:      minmay_angry_zag, layout_basic, uniq_robin
D:5:      layout_gridville, nicolae_ossuary_entry_ruins
D:6:      layout_rooms, corexii_checkpoint_a
D:7:      layout_loops_ring, mainiacjoe_overflow_24_doors,
          nicolae_overflow_crystal_walls, temple_hall, uniq_joseph,
          uniq_duvessa, uniq_pikel

Skill      XL: |  1  2  3  4  5  6  7  8  9 |
---------------+----------------------------+-----
Fighting       | 4 5 6 8 |  8.3
Armour         | 4 5 6 7 8 |  8.3
Shields        | 4 5 6 8 |  8.3
Axes           | 3 4 6 7 |  7.7

Action                   |  1- 3 |  4- 6 |  7- 9 || total
-------------------------+-------+-------+-------++-------
Melee: War axe           |    91 |   126 |   171 ||   388
       Headbutt          |     9 |    18 |    35 ||    62
Armor: Scale mail        |    59 |    45 |    86 ||   190
Dodge: Dodged            |    37 |    98 |   166 ||   301
Block: Buckler           |    18 |    21 |    73 ||   112
